 Dungeon Crawl Stone Soup version 0.20-a0-12-g90c15da (webtiles) character file.

840 JeffiDaFish the Shield-Bearer (level 8, -9/49 HPs)
             Began as a Gargoyle Fighter on Nov 2, 2016.
             Was an Initiate of Makhleb.
             Engulfed by a cloud of freezing vapour (18 damage)
             ... on level 5 of the Dungeon.
             The game lasted 00:09:59 (3614 turns).

JeffiDaFish the Shield-Bearer (Gargoyle Fighter)    Turns: 3614, Time: 00:10:00

Health: -9/49      AC: 13    Str: 23    XL:     8   Next: 0%
Magic:  10/10      EV:  8    Int:  8    God:    Makhleb [......]
Gold:   314        SH: 16    Dex:  9    Spells: 1 memorised, 9 levels left

rFire  . . .     SeeInvis .     a - +2 rapier
rCold  . . .     Gourm    .     b - +0 scale mail
rNeg   + . .     Faith    .     r - +2 shield
rPois  ∞         Spirit   .     j - +0 helmet
rElec  +         Reflect  +     (no cloak)
rCorr  .         Harm     .     (no gloves)
MR     .....                    (no boots)
Stlth  ..........               h - +4 amulet of reflection
                                (no ring)
                                (no ring)

@: no status effects
A: negative energy resistance 1, regeneration 1, electricity resistance,
unbreathing, petrification resistance, rot immunity, AC +5
a: Renounce Religion


You were on level 5 of the Dungeon.
You worshipped Makhleb.
Makhleb was noncommittal.
You were not hungry.

You visited 2 branches of the dungeon, and saw 6 of its levels.

You collected 314 gold pieces.

Inventory:

Hand Weapons
 a - a +2 rapier (weapon)
Armour
 b - a +0 scale mail (worn)
 j - a +0 helmet (worn)
 r - a +2 shield (worn)
Jewellery
 h - a +4 amulet of reflection (around neck)
 k - a +2 amulet of reflection
Wands
 g - a wand of random effects (8/48)
 l - a wand of confusion (48/48)
Scrolls
 e - 3 scrolls of identify
 m - a scroll of fear
 o - a scroll of recharging
Potions
 d - a potion of might
Books
 n - a book of Cantrips

   Spells                             Type                      Level
   a - Confusing Touch                Hexes                        1
   b - Animate Skeleton               Necromancy                   1
   c - Summon Small Mammal            Summoning                    1
   d - Apportation                    Translocation                1
Comestibles
 f - 3 bread rations
 i - 3 beef jerkies
 q - a meat ration


   Skills:
 * Level 5.0 Fighting
 * Level 4.0 Short Blades
 * Level 5.2 Armour
 - Level 0.7 Dodging
 - Level 0.2 Stealth
 * Level 5.9 Shields
 + Level 1.5 Spellcasting
 + Level 1.3 Necromancy


You had 9 spell levels left.
You knew the following spells:

 Your Spells              Type           Power        Failure   Level  Hunger
a - Animate Skeleton      Necr           N/A          99%         1    ##.....


Dungeon Overview and Level Annotations

Branches:
Dungeon (5/15)             Temple (1/1) D:5

Altars:
Cheibriados
Dithmenos
Elyvilon
Gozag
Hepliaklqana
Kikubaaqudgha
Makhleb
Nemelex Xobeh
Okawaru
Qazlal
Trog
Uskayaw
Vehumet
Yredelemnul
Zin
The Shining One


Innate Abilities, Weirdness & Mutations

You are resistant to torment.
Your stone body is resilient. (AC +5)
You are immune to poison.
You resist negative energy. (rN+)
You are resistant to electric shocks. (rElec)
You can survive without breathing.
You are immune to petrification.
You are immune to rotting.
Your natural rate of healing is unusually fast.


Message History

You feel stronger.
You see here a mace.
All of the chunks of flesh in your inventory have rotted away.
You now have 297 gold pieces (gained 9).
You now have 314 gold pieces (gained 17).
e - 3 scrolls of identify (gained 1)
Found 14 stones.
You see here 14 stones.
You open the door.
There is an open door here.
Partly explored, can't reach some items.
You open the door.
Really walk into a travel-excluded area?
There is an open door here.
You are engulfed in freezing vapours.
You are engulfed in freezing vapours.
You are engulfed in freezing vapours.
* * * LOW HITPOINT WARNING * * *
You are engulfed in freezing vapours.
You die...

.#
#..##.#8.........>#..#####
.# ##.##.##.........#####
.# #....##8...8...8## .#
##.### _###8## .# #..####
## .# ##....# .#
#.##.################## .#
#.#8'8################# .#
#.#..§@§§§§§§§..§§§§..# .#
#.###################.# .#
#.#$?$$$.......§......# .#
#####.#####################
.#
#..........................
.#
#.########################.
.# #.# #. #######.# ##
........# ####### #


There were no monsters in sight!

Vanquished Creatures
  Edmund (D:5)
  Menkaure (D:4)
  A phantom (D:5)
  A scorpion (D:5)
  A howler monkey (D:4)
  A hound (D:5)
  A bullfrog skeleton (D:5)
  An orc priest (D:5)
  3 orc wizards (D:5)
  Jessica (D:2)
  4 worker ants
  3 adders
  3 gnolls (D:5)
  A white imp (D:5)
  2 worms
  A dart slug (D:1)
  4 leopard geckos
  3 orcs (D:5)
  5 giant cockroaches
  5 goblins
  10 hobgoblins
  13 jackals
  A kobold (D:1)
  3 quokkas
  5 bats
  9 frilled lizards
  2 goblin skeletons (D:5)
  2 goblin zombies (D:5)
  2 hobgoblin zombies (D:5)
  2 kobold skeletons (D:5)
  A kobold zombie (D:5)
  4 rats
97 creatures vanquished.

Notes
Turn   | Place    | Note
-------+----------+-------------------------------------------
     0 | D:1      | JeffiDaFish the Gargoyle Fighter began the quest for the Orb.
     0 | D:1      | Reached XP level 1. HP: 14/14 MP: 1/1
   123 | D:1      | Reached XP level 2. HP: 19/19 MP: 2/2
   374 | D:1      | Reached XP level 3. HP: 22/23 MP: 3/3
   603 | D:2      | Noticed Jessica
   611 | D:2      | Killed Jessica
   611 | D:2      | Reached XP level 4. HP: 19/28 MP: 4/4
  1336 | D:3      | Found a snail-covered altar of Cheibriados.
  1336 | D:3      | Found a basalt altar of Yredelemnul.
  1337 | D:3      | Found a glowing silver altar of Zin.
  1591 | D:3      | Found an opulent altar of Gozag.
  1822 | D:4      | Reached XP level 5. HP: 31/33 MP: 5/5
  1908 | D:4      | Found a sparkling altar of Nemelex Xobeh.
  2021 | D:4      | Learned a level 1 spell: Animate Skeleton
  2176 | D:4      | Noticed Menkaure
  2180 | D:4      | Killed Menkaure
  2180 | D:4      | Reached skill level 5 in Shields
  2180 | D:4      | Reached XP level 6. HP: 38/38 MP: 6/6
  2338 | D:5      | Entered Level 5 of the Dungeon
  2354 | D:5      | Found a glowing golden altar of the Shining One.
  2443 | D:5      | Found a staircase to the Ecumenical Temple.
  2565 | D:5      | Gained mutation: Your natural rate of healing is unusually fast. [potion of mutation]
  2565 | D:5      | Gained mutation: You have a pair of small horns on your head. [potion of mutation]
  2565 | D:5      | Lost mutation: You have a pair of small horns on your head. [potion of mutation]
  2604 | D:5      | Reached skill level 1 in Spellcasting
  2606 | D:5      | Reached XP level 7. HP: 44/44 MP: 8/8
  2630 | Temple   | Entered the Ecumenical Temple
  2651 | Temple   | Became a worshipper of Makhleb the Destroyer
  2853 | D:5      | HP: 2/44 [orc priest/divine providence (12)]
  2857 | D:5      | Reached skill level 1 in Necromancy
  2892 | D:5      | Reached skill level 5 in Armour
  3050 | D:5      | Found a radiant altar of Vehumet.
  3052 | D:5      | Found an iron altar of Okawaru.
  3084 | D:5      | Noticed Edmund
  3100 | D:5      | Killed Edmund
  3219 | D:5      | Reached skill level 5 in Fighting
  3420 | D:5      | Reached XP level 8. HP: 49/49 MP: 10/10
  3614 | D:5      | Engulfed by a cloud of freezing vapour

Vault maps used:
D:1:      minmay_arrival_diagonal_passages
D:2:      nrook_uturn, uniq_jessica
D:3:      lemuel_coloured_pillars_altar, gammafunk_temple_overflow_claw
D:4:      nemelex_lonely_heart_becter, uniq_menkaure
D:5:      lemuel_ice_spiral_2, nicolae_overflow_hidden_temple, first_bread,
          minmay_door_square, minivault_5, columned_hall_lemuel,
          nicolae_tso_besieged_by_evil, uniq_edmund
Temple:   zaba_magenta_temple

Skill      XL: |  1  2  3  4  5  6  7 |
---------------+----------------------+-----
Short Blades   | 2 3 4 |  4.0
Shields        | 4 5 |  5.9
Armour         | 4 5 |  5.2
Fighting       | 4 5 |  5.0
Spellcasting   | 1 |  1.5
Necromancy     | 1 |  1.3
Dodging        | |  0.7
Stealth        | |  0.2

Action                   |  1- 3 |  4- 6 |  7- 9 || total
-------------------------+-------+-------+-------++-------
Melee: Rapier            |    88 |   246 |    87 ||   421
  Use: Potion            |     4 |     5 |     2 ||    11
       Scroll            |     2 |     7 |     1 ||    10
  Eat: Chunk             |       |     5 |     4 ||     9
Armor: Scale mail        |    36 |    99 |    30 ||   165
Dodge: Dodged            |    28 |    59 |    18 ||   105
Block: Shield            |    72 |   203 |    60 ||   335
       Reflection        |     1 |     1 |     2 ||     4
